 Dungeon Crawl Stone Soup version 0.29.1-4-g47bece8355 (webtiles) character file.

Game seed: 3622947974143729656

56 GigaChad the Covered (level 3, -4/33 HPs)
             Began as a Minotaur Fighter on Dec 5, 2022.
             Was a Follower of Okawaru.
             Slain by a gnoll
             ... wielding a +0 halberd
              (6 damage)
             ... on level 2 of the Dungeon.
             The game lasted 00:01:51 (1024 turns).

GigaChad the Covered (Minotaur Fighter)             Turns: 1024, Time: 00:01:51

Health: -4/33      AC:  7    Str: 22    XL:     3   Next: 71%
Magic:  2/2        EV:  9    Int:  5    God:    Okawaru [*.....]
Gold:   79         SH:  4    Dex:  9    Spells: 2/2 levels left

rFire   . . .      SeeInvis .   a - +0 war axe
rCold   . . .      Faith    .   c - +0 buckler
rNeg    . . .      Spirit   .   b - +0 scale mail
rPois   .          Reflect  .   (helmet restricted)
rElec   .          Harm     .   (no cloak)
rCorr   .          Rampage  .   (no gloves)
Will    .....                   (no boots)
Stlth   ..........              (no amulet)
HPRegen 0.11/turn               (no ring)
MPRegen 0.08/turn               (no ring)

@: no status effects
A: horns 2, retaliatory headbutt
a: Renounce Religion, Heroism


You were on level 2 of the Dungeon.
You worshipped Okawaru.
Okawaru was aware of your devotion.
You visited 1 branch of the dungeon, and saw 2 of its levels.

You collected 79 gold pieces.

Inventory:

Hand Weapons
 a - a +0 war axe (weapon)
Armour
 b - a +0 scale mail (worn)
 c - a +0 buckler (worn)
Scrolls
 e - 2 scrolls of blinking {unknown}
 f - a scroll of identify {unknown}
 g - 2 scrolls of noise {unknown}
 h - a scroll of amnesia {unknown}
Potions
 d - a potion of might
 i - a potion of flight {unknown}


   Skills:
 + Level 4.0 Fighting
 + Level 3.5 Axes
 + Level 4.2 Armour
 + Level 0.1 Dodging
 + Level 0.1 Stealth
 + Level 4.1 Shields


You had 2 spell levels left.
You didn't know any spells.
Your spell library was empty.

Dungeon Overview and Level Annotations

Branches:
Dungeon (2/15)

Altars:
Okawaru

Shops:
D:1 [(((?


Innate Abilities, Weirdness & Mutations

You have a pair of horns on your head.
You reflexively headbutt those who attack you in melee.


Message History

You barely miss the endoplasm. You block the adder's attack.
The endoplasm freezes you.
You are frozen.
The adder bites you but does no damage.
You slash the adder!
You kill the adder!
Okawaru accepts your kill.
You hit the endoplasm. The endoplasm freezes you.
You are frozen.
The endoplasm freezes you.
You are frozen.
The endoplasm freezes you.
You are frozen.
An endoplasm is nearby!
An endoplasm is nearby!
An endoplasm is nearby!
An endoplasm is nearby!
An endoplasm is nearby!
An endoplasm is nearby!
You hit the endoplasm.
The endoplasm is almost dead.
The endoplasm barely misses you.
You slash the endoplasm!
You kill the endoplasm!
Okawaru accepts your kill.
A gnoll comes into view. It is wielding a +0 halberd.
A gnoll is nearby!
A gnoll is nearby!
A gnoll is nearby!
The gnoll shouts!
An adder comes into view.
The adder hisses angrily.
The gnoll hits you from afar with a +0 halberd!
The gnoll hits you from afar with a +0 halberd!
* * * LOW HITPOINT WARNING * * *
A gnoll comes into view. It is wielding a +0 spear.
You closely miss the adder. The adder bites you.
* * * LOW HITPOINT WARNING * * *
The gnoll hits you from afar with a +0 halberd.
You die...

.# .. # S# .# g# .#
....# ...#
##########.##.....#
....#.#................
####..#...#####.#.......
#....gS@...†...###......
#.##..#...#####.#..(....
....#.#.## #.........
...#####.# #......... #.
#.# #........# # #.#
###.<.##.# #.# #...# ..#
##.## ### ...


You could see 2 gnolls and an adder.

Vanquished Creatures
  2 adders (D:2)
  4 dart slugs (D:1)
  3 ball pythons (D:1)
  2 bats (D:1)
  5 endoplasms
  2 giant cockroaches (D:1)
  2 goblins (D:1)
  2 quokkas (D:1)
  2 frilled lizards
  A kobold (D:1)
  5 rats (D:1)
30 creatures vanquished.

Notes
Turn   | Place    | Note
-------+----------+-------------------------------------------
     0 | D:1      | GigaChad the Minotaur Fighter began the quest for the Orb.
     0 | D:1      | Reached XP level 1. HP: 19/19 MP: 0/0
   150 | D:1      | Found Yfipp's Weapon Shop.
   165 | D:1      | Reached XP level 2. HP: 21/27 MP: 1/1
   291 | D:1      | Found Wieptaatig's Magic Scroll Boutique.
   490 | D:1      | Found Jiduz's Antique Weapon Shoppe.
   526 | D:1      | Found Othrytiz's Antique Armour Shop.
   581 | D:1      | Found Abreapn's Weapon Boutique.
   607 | D:1      | Reached XP level 3. HP: 30/33 MP: 2/2
   644 | D:1      | Found a faded altar of an unknown god.
   667 | D:1      | Prayed at the altar of an unknown god.
   667 | D:1      | Became a worshipper of Warmaster Okawaru
   667 | D:1      | Reached * piety under Okawaru
  1024 | D:2      | Slain by a gnoll

Illustrated notes

Levels and vault maps discovered:
D:1:      ebering_trefoil_3fold, layout_loops_cross, serial_shops, shop_scrolls,
          shop, nicolae_shop_crystal, nicolae_shop_bloodbath_and_beyond,
          nicolae_shop_hallway_stairs, nicolae_ecumenical_snake_handling
D:2:      layout_loops_ring

Skill      XL: |  1  2 |
---------------+-------+-----
Armour         | 4 |  4.2
Fighting       | 4 |  4.0
Shields        | 4 |  4.1
Axes           | 3 |  3.5
Dodging        | |  0.1
Stealth        | |  0.1

Action                   || total
-------------------------++-------
Melee: War axe           ||    54
       Headbutt          ||     6
Armor: Scale mail        ||    23
Dodge: Dodged            ||    31
Block: Buckler           ||    17
